Map: Frost LE

Players

DJteaCosy

  • Race: Zerg Zerg
  • League: Platinum

Gracz - Winner!

  • Race: Zerg Zerg
  • League: Silver

VOD

Have the link to the VOD?

Description

Time

  • Played on: Oct. 13, 2016, 1:13 p.m.
  • Length: 8:22
Show
View Real Time Build Order
Export as new Build Order

DJteaCosy Zerg 

Build Orders: Pool First 

Get SALT Encoding   

  12  0:03  Drone  
  13  0:23  Drone  
  13  0:24  Overlord  
  14  0:46  Extractor, Spawning Pool  
  13  0:57  Hatchery  
  12  1:08  Drone x3  
  15  1:27  Drone  
  16  1:46  Drone x2  
  18  1:54  Spawning Pool  
  17  1:58  Drone  
  18  2:24  Drone x2  
  18  2:25  Drone  
  21  2:43  Zergling x6  
  21  2:44  Zergling x2, Queen  
  24  2:46  Evolution Chamber  
  24  2:49  Spine Crawler  
  24  3:04  Queen  
  26  3:15  Metabolic Boost  
  26  3:17  Drone x2  
  28  3:25  Overlord x2  
  28  3:37  Zergling x2  
  28  3:38  Zergling x2  
  26  3:41  Baneling Nest  
  25  3:48  Zerg Missile Weapons Level 1  
  23  4:04  Overlord  
  23  4:05  Queen  
  25  4:14  Drone x4  
  29  4:20  Drone x3  
  30  4:35  Queen  
  32  4:41  Drone  
  33  4:51  Zergling x8  
  35  5:21  Baneling x2  
  35  5:22  Baneling x6  
  35  5:27  Queen  
  34  5:31  Zergling x10  
  34  5:32  Zergling x8  
  41  5:49  Zergling x4  
  42  5:57  Drone  
  42  5:58  Zergling x2  
  43  6:08  Roach Warren  
  41  6:22  Zergling x4  
  41  6:23  Drone  
  42  6:32  Drone x3  
  45  6:37  Lair  
  41  7:02  Zergling x10  
  41  7:03  Zergling x4  
  48  7:16  Overlord, Drone  
  48  7:17  Overlord x2  
  48  7:36  Hatchery  
  46  7:39  Drone x2  
  46  7:40  Drone  
  47  7:54  Zergling x12  
Show
View Real Time Build Order
Export as new Build Order

Gracz Zerg - Winner!

Build Orders: Pool First 

Get SALT Encoding   

  12  0:01  Drone  
  13  0:08  Drone  
  14  0:23  Extractor  
  13  0:31  Drone  
  13  0:35  Spawning Pool  
  13  0:46  Drone  
  14  1:00  Overlord  
  14  1:29  Zergling x2  
  14  1:30  Zergling x4  
  17  1:42  Hatchery  
  16  1:53  Zergling x4  
  18  2:01  Queen  
  18  2:03  Drone  
  18  2:06  Metabolic Boost  
  21  2:54  Drone x3  
  24  2:59  Drone  
  25  3:08  Drone x2  
  27  3:17  Overlord  
  27  3:18  Overlord  
  27  3:35  Queen  
  26  3:52  Zergling x2  
  26  3:53  Zergling x14  
  34  4:07  Drone x2  
  36  4:13  Extractor  
  36  4:15  Roach Warren  
  34  4:17  Lair  
  33  5:00  Roach x3  
  33  5:01  Roach x2  
  33  5:02  Overlord x3  
  43  5:31  Roach  
  43  5:32  Roach x4  
  43  5:33  Roach  
  55  5:48  Roach  
  55  5:49  Roach x3  
  61  6:20  Roach  
  61  6:21  Roach x2  
  67  6:32  Overlord x4  
  67  7:10  Roach x4  
  67  7:11  Drone  
  67  7:12  Drone x4  
  80  7:24  Drone x5  
  79  7:36  Roach x2  
Tags
 
Add a new tag
Caveats
  • Supply blocks, unpowered buildings, or Contaminate may cause inaccurate times.
  • Supply counts are checked every 10 seconds.